 Dungeon Crawl Stone Soup version 0.23.2-1-ga50397a (webtiles) character file.

Game seed: 18019949006011389871

7894 schauveau the Cleaver (level 11, -2/72 HPs)
             Began as a Gargoyle Fighter on Apr 29, 2019.
             Was a High Priest of Okawaru.
             Splashed by Joseph's acid (16 damage)
             ... on level 10 of the Dungeon.
             The game lasted 00:21:19 (9128 turns).

schauveau the Cleaver (Gargoyle Fighter)            Turns: 9128, Time: 00:21:21

Health: -2/72      AC: 23    Str: 23    XL:     11   Next: 22%
Magic:  9/11       EV:  9    Int:  9    God:    Okawaru [*****.]
Gold:   471        SH:  0    Dex: 11    Spells: 10/10 levels left

rFire    . . .     SeeInvis +   a - +4 battleaxe
rCold    . . .     Gourm    .   (shield currently unavailable)
rNeg     + . .     Faith    .   g - +0 plate armour
rPois    ∞         Spirit   .   e - +1 helmet (curse)
rElec    +         Reflect  .   (no cloak)
rCorr    .         Harm     .   (no gloves)
MR       .....                  (no boots)
Stlth    ..........             D - amulet of the acrobat
HPRegen  0.22/turn              H - +2 ring of dexterity
MPRegen  0.12/turn              i - ring of see invisible

@: heroism, corroded
A: negative energy resistance 1, electricity resistance, unbreathing,
petrification resistance, rot immunity, AC +8
a: Heroism, Finesse, Renounce Religion


You were on level 10 of the Dungeon.
You worshipped Okawaru.
Okawaru was extremely pleased with you.
You were not hungry.

You visited 1 branch of the dungeon, and saw 10 of its levels.

You collected 632 gold pieces.
You spent 161 gold pieces at shops.

Inventory:

Hand Weapons
 a - a +4 battleaxe (weapon)
 d - a +0 hand axe of electrocution
 n - a +0 hunting sling
 B - a cursed +0 spear
 O - a +0 war axe
 R - a +3 trident of venom
 U - a +3 scimitar of flaming
Missiles
 h - 41 poisoned needles
 m - 31 sling bullets
 o - 6 exploding tomahawks (quivered)
 L - a throwing net
 P - 12 tomahawks
 V - 4 javelins
Armour
 c - a +0 shield
 e - a cursed +1 helmet (worn)
 g - a +0 plate armour (worn)
 r - a +0 buckler
 y - a +2 robe of cold resistance
Jewellery
 i - a ring of see invisible (right hand)
 j - an uncursed ring of flight
 k - an uncursed ring of protection from fire
 D - an amulet of the acrobat (around neck)
 H - a +2 ring of dexterity (left hand)
 Q - a +3 ring of intelligence {unknown}
Wands
 l - a wand of polymorph (11)
 u - a wand of iceblast (7)
 z - a wand of flame (18)
 K - a wand of random effects (13)
Scrolls
 b - 3 scrolls of blinking {unknown}
 q - 4 scrolls of remove curse
 A - 2 scrolls of enchant armour
 C - a scroll of fog {unknown}
 I - 3 scrolls of teleportation
 N - 2 scrolls of fear
 S - a scroll of noise {unknown}
Potions
 s - a potion of magic {unknown}
 v - 2 potions of agility
 x - a potion of flight
 F - 2 potions of lignification
 G - a potion of brilliance {unknown}
 J - 2 potions of ambrosia {unknown}
 M - 2 potions of haste
Comestibles
 f - 11 rations


   Skills:
 + Level 9.9(14.9) Fighting
 * Level 11.1(16.1) Axes
 + Level 9.9(14.9) Armour
 - Level 3.2(8.2) Shields


You had 10 spell levels left.
You didn't know any spells.
Your spell library contained the following spells:

 Spells                   Type           Power        Failure   Level  Hunger
 Flame Tongue             Conj/Fire      #....        98%         1    ##.....
 Shock                    Conj/Air       #...         98%         1    ##.....
 Swiftness                Chrm/Air       #.......     99%         2    ###....
 Throw Flame              Conj/Fire      #.....       99%         2    ###....
 Conjure Flame            Conj/Fire      #.......     100%        3    ####...
 Inner Flame              Hex/Fire       #.......     100%        3    ####...
 Static Discharge         Conj/Air       #.......     100%        3    ####...
 Airstrike                Air            #.........   100%        4    #####..
 Cause Fear               Hex            #.........   100%        4    #####..
 Sticky Flame             Conj/Fire      #.......     100%        4    #####..
 Fireball                 Conj/Fire      #.........   100%        5    ######.
 Lightning Bolt           Conj/Air       #.........   100%        5    ######.
 Silence                  Hex/Air        #.........   100%        5    ######.
 Yara's Violent Unravell  Hex/Tmut       #.........   100%        5    ######.
 Deflect Missiles         Chrm/Air       #.........   100%        6    #######
 Discord                  Hex            #.........   100%        8    #######


Dungeon Overview and Level Annotations

Branches:
Dungeon (10/15)            Temple (0/1) D:7            Lair (0/6) D:9
    Orc (0/2) D:9

Altars:
Ashenzari
Dithmenos
Elyvilon
Fedhas
Hepliaklqana
Nemelex Xobeh
Okawaru
Qazlal
Ru
Sif Muna
Vehumet
Wu Jian
Xom
Yredelemnul

Shops:
D:5 %   D:8 ?

Annotations:
D:9 2 transporters, Enish's ghost, novice SpCK
D:10 Joseph


Innate Abilities, Weirdness & Mutations

You are resistant to torment.
Your stone body is resilient. (AC +8)
You are immune to poison.
You resist negative energy. (rN+)
You are resistant to electric shocks. (rElec)
You can survive without breathing.
You are immune to petrification.
You are immune to rotting.


Message History

Joseph barely misses you.
You feel better. Joseph hits you but does no damage.
You feel better. Joseph hits you but does no damage.
You gain the combat prowess of a mighty hero.
Joseph hits you but does no damage.
You completely miss Joseph.
Joseph is severely wounded.
Joseph closely misses you.
You closely miss Joseph.
Joseph is severely wounded.
Joseph zaps a wand.
The bolt of acid hits you but does no damage.
The acid corrodes you!
You are splashed with acid!
* * * LOW HITPOINT WARNING * * *
You hit Joseph.
Joseph is severely wounded.
Joseph zaps a wand.
The bolt of acid hits you!
* * * LOW HITPOINT WARNING * * *
You are splashed with acid!
You die...

####################.#
.....................#
.........)...........#
######################
######################
.....................#
................@@...#
.....................#
.....................#
...................[.#
(....................#
.....................#
.###################.#
.# *.# ,* *,*


You could see Joseph.

Vanquished Creatures
  Erica (D:9)
  A two-headed ogre (D:9)
  2 hornets (D:9)
  2 hippogriffs (D:8)
  Sigmund (D:4)
  3 yaks (D:9)
  Grum (D:9)
  3 hungry ghosts (D:9)
  Menkaure (D:6)
  A soldier ant (D:9)
  A water moccasin (D:7)
  4 porcupines
  An ice beast (D:9)
  3 sky beasts
  2 orc warriors
  A phantom (D:8)
  An eye of draining (D:8)
  A necrophage (D:10)
  3 ogres
  4 wolves (D:9)
  4 centaurs
  A big kobold (D:10)
  6 bullfrogs
  2 troll zombies (D:9)
  2 scorpions (D:9)
  5 wights (D:8)
  5 howler monkeys
  2 electric eels (D:8)
  3 quasits
  A crimson imp (D:7)
  6 orc priests
  A centaur skeleton (D:4)
  2 jellies
  4 orc wizards
  A bullfrog skeleton (D:8)
  A hound (D:9)
  4 iguanas
  Jessica (D:3)
  7 worker ants
  6 ogre zombies (D:9)
  2 hound zombies (D:5)
  3 gnolls (D:8)
  4 adders
  A howler monkey skeleton (D:5)
  2 shadow imps
  2 oozes (D:2)
  An adder skeleton (D:6)
  4 worms
  A dart slug (D:1)
  4 leopard geckos
  32 orcs
  6 giant cockroaches
  6 goblins
  6 hobgoblins
  19 jackals
  7 quokkas
  3 ball pythons
  6 bats
  7 frilled lizards
  4 goblin skeletons (D:9)
  A goblin zombie (D:9)
  A hobgoblin skeleton (D:9)
  A jackal skeleton (D:5)
  11 kobolds
  A leopard gecko skeleton (D:4)
  A leopard gecko zombie (D:8)
  4 orc skeletons (D:9)
  15 orc zombies (D:9)
  18 rats
274 creatures vanquished.

Vanquished Creatures (others)
  A quokka (D:9)
  A ball python (D:8)
  38 fungi (D:9)
  14 plants
54 creatures vanquished.

Grand Total: 328 creatures vanquished

Notes
Turn   | Place    | Note
-------+----------+-------------------------------------------
     0 | D:1      | schauveau the Gargoyle Fighter began the quest for the Orb.
     0 | D:1      | Reached XP level 1. HP: 14/14 MP: 1/1
    33 | D:1      | Reached skill level 2 in Axes
    61 | D:1      | Reached XP level 2. HP: 18/19 MP: 2/2
   115 | D:2      | Found an iron altar of Okawaru.
   129 | D:2      | Became a worshipper of Warmaster Okawaru
   350 | D:1      | Reached XP level 3. HP: 23/23 MP: 3/3
   591 | D:2      | Found a sacrificial altar of Ru.
   808 | D:2      | Reached skill level 3 in Axes
   808 | D:2      | Reached XP level 4. HP: 29/29 MP: 4/4
   812 | D:3      | Noticed Jessica
   824 | D:3      | Killed Jessica
  1431 | D:3      | Found a blossoming altar of Fedhas.
  1434 | D:3      | Found a stormy altar of Qazlal.
  1584 | D:3      | Reached XP level 5. HP: 33/33 MP: 5/5
  1807 | D:4      | Noticed Sigmund
  1813 | D:4      | Killed Sigmund
  1813 | D:4      | Reached * piety under Okawaru
  1813 | D:4      | Reached skill level 4 in Axes
  1813 | D:4      | Reached XP level 6. HP: 29/39 MP: 6/6
  1982 | D:4      | Found a shadowy altar of Dithmenos.
  1985 | D:4      | Found a white marble altar of Elyvilon.
  1987 | D:4      | Found a deep blue altar of Sif Muna.
  2005 | D:4      | Found a radiant altar of Vehumet.
  2058 | D:4      | Found a hazy altar of Hepliaklqana.
  2124 | D:4      | Found a shattered altar of Ashenzari.
  2196 | D:5      | Entered Level 5 of the Dungeon
  2797 | D:5      | Reached skill level 5 in Armour
  2841 | D:5      | Reached XP level 7. HP: 34/44 MP: 7/7
  2897 | D:5      | Reached skill level 5 in Fighting
  2990 | D:5      | Reached skill level 5 in Axes
  3026 | D:5      | Found Arry's Food Shop.
  3461 | D:6      | Reached ** piety under Okawaru
  3592 | D:6      | You fall through a shaft for 3 floors!
  3620 | D:9      | Reached XP level 8. HP: 42/51 MP: 8/8
  3637 | D:9      | Reached skill level 6 in Axes
  3705 | D:9      | Noticed a yak
  3713 | D:9      | Noticed a yak
  3715 | D:9      | Noticed a yak
  3725 | D:9      | Found a transporter.
  3740 | D:9      | Found a staircase to the Lair.
  3753 | D:10     | Entered Level 10 of the Dungeon
  3963 | D:10     | Reached *** piety under Okawaru
  3963 | D:10     | Reached skill level 7 in Axes
  4515 | D:9      | Noticed a two-headed ogre
  4530 | D:9      | Killed a two-headed ogre
  4530 | D:9      | Received a gift from Okawaru
  4530 | D:9      | Reached **** piety under Okawaru
  4530 | D:9      | Reached skill level 8 in Axes
  4530 | D:9      | Reached XP level 9. HP: 12/57 MP: 9/9
  5092 | D:8      | Found an ornate altar of the Wu Jian Council.
  5247 | D:8      | Found Sasuam's Magic Scroll Shoppe.
  5259 | D:8      | Bought a scroll of teleportation for 42 gold pieces
  5259 | D:8      | Bought a scroll of teleportation for 42 gold pieces
  5259 | D:8      | Bought a scroll of identify for 28 gold pieces
  5259 | D:8      | Bought a scroll of fear for 49 gold pieces
  5710 | D:6      | Reached ***** piety under Okawaru
  5710 | D:6      | Reached skill level 9 in Axes
  5823 | D:6      | Noticed Menkaure
  5832 | D:6      | Killed Menkaure
  5832 | D:6      | Reached XP level 10. HP: 38/64 MP: 10/10
  6357 | D:7      | Found a staircase to the Ecumenical Temple.
  7611 | D:8      | Found a shimmering altar of Xom.
  7822 | D:9      | Found a transporter.
  7824 | D:9      | Noticed Enish's ghost (novice SpCK)
  7827 | D:9      | Received a gift from Okawaru
  7834 | D:9      | Reached skill level 10 in Axes
  8183 | D:9      | Found a staircase to the Orcish Mines.
  8514 | D:9      | Reached XP level 11. HP: 12/71 MP: 8/11
  8751 | D:9      | Found a white marble altar of Elyvilon.
  8775 | D:9      | Noticed Grum
  8776 | D:9      | Reached skill level 11 in Axes
  8787 | D:9      | Killed Grum
  8901 | D:9      | Noticed Erica
  8911 | D:9      | Killed Erica
  8919 | D:9      | Found a basalt altar of Yredelemnul.
  8929 | D:9      | Found a sparkling altar of Nemelex Xobeh.
  9113 | D:10     | Noticed Joseph
  9128 | D:10     | Splashed by Joseph's acid

Skill      XL: |  1  2  3  4  5  6  7  8  9 10 11 |
---------------+----------------------------------+-----
Axes           | 2 3 4 5 8 9 10 11 | 11.1
Armour         | 4 5 7 8 9 |  9.9
Fighting       | 4 5 7 8 9 |  9.9
Shields        | |  3.2

Action                   |  1- 3 |  4- 6 |  7- 9 | 10-12 || total
-------------------------+-------+-------+-------+-------++-------
Melee: War axe           |   101 |   189 |   347 |   155 ||   792
       Battleaxe         |       |       |       |   236 ||   236
Invok: Heroism           |       |       |     1 |     2 ||     3
  Use: Potion            |       |     1 |     7 |     2 ||    10
       Scroll            |       |       |    11 |     1 ||    12
 Stab: Distracted        |       |       |       |     1 ||     1
  Eat: Chunk             |       |     6 |     1 |    10 ||    17
       Ration            |       |     1 |     2 |     5 ||     8
Armor: Scale mail        |    62 |   128 |   110 |       ||   300
       Chain mail        |       |       |    90 |       ||    90
       Skin              |       |       |     1 |       ||     1
       Plate armour      |       |       |    25 |   301 ||   326
Dodge: Dodged            |    64 |   111 |   190 |   180 ||   545
Block: Buckler           |     9 |    32 |    82 |    22 ||   145
